[ AOE2 MATCH · #495456813 ]
UnrankedIncas vs Armenians
Player's team · LOSS
Rival team · WIN
[ REPLAY ANALYSIS · EXTRACTED FROM THE RECORDED GAME ]
Feudal
10:06
Castle
18:47
Imperial
38:59
| APM avg | 46.5 |
| APM peak | 73 |
| eAPM avg | 22.7 |
| Villagers / military | 115 / 38 |
Focus
⚔️ 40.0% · 🌾 60.0%
Unknown (2550) ×64 · Spearman ×29 · Kamayuk ×5 · Monk ×2 · Mangonel ×2
Feudal
8:50
Castle
20:11
Imperial
36:57
| APM avg | 56.5 |
| APM peak | 83 |
| eAPM avg | 26.2 |
| Villagers / military | 124 / 98 |
Focus
⚔️ 43.1% · 🌾 56.9%
Knight ×37 · Militia ×35 · Archer ×13 · Warrior Priest ×4 · Mangonel ×3 · Scout Cavalry ×3
Match map
Initial resources + every placement click. Lines = walls · curves = elevation contours. ◆ gold · ⬟ stone · ● berries · ✦ relic · ◌ wall gap
Your base· Open — unwalled flank
Andre_2i's base· ✓ Closed at 20:11 · 37t walls · 1 gate(s)
Smoothed initial terrain · ◌ = detected wall gap · hover for details
Inputs per minute
— buddybadi - - Andre_2i
Build order — buddybadi
First 150 of 350 actions detected
| 0:01 | Create | Villager (Male) |
| 0:01 | Create | Villager (Male) |
| 0:02 | Create | Villager (Male) |
| 0:03 | Build | House |
| 0:05 | Build | Barracks |
| 0:26 | Create | Villager (Male) |
| 1:33 | Create | Villager (Male) |
| 2:03 | Create | Villager (Male) |
| 2:08 | Create | Unit 2550 |
| 2:26 | Create | Villager (Male) |
| 2:48 | Create | Villager (Male) |
| 3:11 | Build | House |
| 3:16 | Create | Villager (Male) |
| 3:38 | Create | Villager (Male) |
| 4:04 | Create | Villager (Male) |
| 4:30 | Create | Villager (Male) |
| 4:47 | Create | Unit 2550 |
| 4:57 | Create | Villager (Male) |
| 5:12 | Create | Villager (Male) |
| 5:45 | Create | Villager (Male) |
| 6:11 | Create | Villager (Male) |
| 6:16 | Build | Settlement |
| 6:33 | Create | Villager (Male) |
| 7:05 | Create | Villager (Male) |
| 7:26 | Research | Loom |
| 7:39 | Build | Settlement |
| 7:54 | Research | Feudal Age |
| 8:43 | Build | Settlement |
| 9:19 | Create | Villager (Male) |
| 9:39 | Build | Farm |
| 9:41 | Build | Farm |
| 10:06 | Age | Feudal Age |
| 10:14 | Create | Villager (Male) |
| 10:22 | Create | Spearman |
| 10:33 | Build | Palisade Wall |
| 10:38 | Build | Palisade Wall |
| 10:45 | Create | Villager (Male) |
| 10:52 | Build | Farm |
| 10:59 | Create | Spearman |
| 11:07 | Create | Villager (Male) |
| 11:09 | Build | Farm |
| 11:14 | Build | Palisade Wall |
| 11:17 | Build | Palisade Wall |
| 11:21 | Build | Palisade Wall |
| 11:22 | Build | Palisade Wall |
| 11:23 | Build | Palisade Wall |
| 11:26 | Create | Villager (Male) |
| 11:29 | Build | Palisade Wall |
| 11:31 | Build | Palisade Wall |
| 11:42 | Build | Farm |
| 11:43 | Build | Farm |
| 11:48 | Create | Villager (Male) |
| 12:13 | Build | Farm |
| 12:25 | Create | Villager (Male) |
| 12:33 | Build | Watch Tower |
| 12:48 | Build | Farm |
| 12:55 | Build | Farm |
| 12:58 | Create | Villager (Male) |
| 13:14 | Build | Watch Tower |
| 13:18 | Create | Villager (Male) |
| 13:23 | Build | Palisade Wall |
| 13:25 | Build | Palisade Wall |
| 13:35 | Build | Farm |
| 13:38 | Create | Villager (Male) |
| 14:05 | Create | Villager (Male) |
| 14:28 | Create | Villager (Male) |
| 14:48 | Build | Market |
| 14:54 | Create | Villager (Male) |
| 14:59 | Build | Farm |
| 15:28 | Create | Villager (Male) |
| 15:39 | Build | Blacksmith |
| 16:07 | Research | Castle Age |
| 16:15 | Build | Farm |
| 16:30 | Research | Double-Bit Axe |
| 16:59 | Research | Horse Collar |
| 17:01 | Create | Unit 2550 |
| 17:10 | Research | Tech 1402 |
| 17:38 | Create | Unit 2550 |
| 17:41 | Build | Barracks |
| 17:53 | Build | Farm |
| 17:58 | Build | Farm |
| 18:00 | Build | Farm |
| 18:12 | Build | Palisade Wall |
| 18:29 | Create | Unit 2550 |
| 18:43 | Create | Unit 2550 |
| 18:47 | Age | Castle Age |
| 18:53 | Create | Villager (Male) |
| 18:56 | Research | Tech 1351 |
| 18:57 | Research | Tech 1351 |
| 19:01 | Create | Villager (Male) |
| 19:02 | Create | Unit 2550 |
| 19:05 | Build | Town Center |
| 19:13 | Research | Scale Mail Armor |
| 19:20 | Build | Farm |
| 19:21 | Create | Villager (Male) |
| 19:36 | Create | Unit 2550 |
| 19:44 | Create | Unit 2550 |
| 19:48 | Create | Villager (Male) |
| 20:10 | Create | Unit 2550 |
| 20:10 | Create | Unit 2550 |
| 20:15 | Build | Farm |
| 20:19 | Create | Villager (Male) |
| 20:45 | Create | Villager (Male) |
| 20:46 | Create | Villager (Male) |
| 20:47 | Create | Villager (Male) |
| 20:55 | Build | Siege Workshop |
| 21:05 | Create | Villager (Male) |
| 21:22 | Create | Mangonel |
| 21:23 | Create | Villager (Male) |
| 21:24 | Create | Villager (Male) |
| 21:31 | Create | Unit 2550 |
| 21:36 | Build | Farm |
| 21:48 | Create | Villager (Male) |
| 21:48 | Create | Villager (Male) |
| 21:51 | Build | Farm |
| 22:16 | Build | Palisade Wall |
| 22:20 | Create | Villager (Male) |
| 22:21 | Create | Villager (Male) |
| 22:22 | Build | Farm |
| 22:25 | Build | Farm |
| 22:26 | Build | Farm |
| 22:38 | Create | Villager (Male) |
| 22:48 | Build | House |
| 22:51 | Build | House |
| 22:53 | Build | House |
| 23:05 | Create | Villager (Male) |
| 23:09 | Build | Monastery |
| 23:11 | Build | Farm |
| 23:22 | Create | Unit 2550 |
| 23:22 | Create | Unit 2550 |
| 23:26 | Create | Mangonel |
| 23:29 | Create | Villager (Male) |
| 23:49 | Build | Farm |
| 23:51 | Build | Farm |
| 23:52 | Create | Monk |
| 23:58 | Create | Villager (Male) |
| 23:58 | Create | Villager (Male) |
| 23:59 | Build | Farm |
| 24:15 | Create | Villager (Male) |
| 24:16 | Research | Town Watch |
| 24:19 | Build | Farm |
| 24:20 | Build | Farm |
| 24:29 | Create | Unit 2550 |
| 24:40 | Build | Farm |
| 24:40 | Build | Farm |
| 24:41 | Create | Villager (Male) |
| 24:53 | Create | Villager (Male) |
| 24:53 | Create | Villager (Male) |
| 24:54 | Create | Monk |
| 25:19 | Create | Villager (Male) |
Build order — Andre_2i
First 150 of 441 actions detected
| 0:00 | Create | Villager (Male) |
| 0:01 | Build | House |
| 0:02 | Build | House |
| 0:08 | Create | Villager (Male) |
| 0:16 | Create | Villager (Male) |
| 0:19 | Create | Villager (Male) |
| 1:09 | Create | Villager (Male) |
| 1:45 | Create | Villager (Male) |
| 1:54 | Build | Mule Cart |
| 2:25 | Create | Villager (Male) |
| 2:48 | Create | Villager (Male) |
| 3:14 | Create | Villager (Male) |
| 3:32 | Create | Villager (Male) |
| 3:49 | Build | House |
| 3:50 | Build | House |
| 3:53 | Create | Villager (Male) |
| 4:04 | Create | Villager (Male) |
| 4:55 | Create | Villager (Male) |
| 5:10 | Build | Mill |
| 5:13 | Create | Villager (Male) |
| 5:47 | Create | Villager (Male) |
| 5:50 | Research | Loom |
| 6:11 | Create | Villager (Male) |
| 6:39 | Research | Feudal Age |
| 7:35 | Create | Villager (Male) |
| 8:03 | Build | Palisade Wall |
| 8:10 | Build | Barracks |
| 8:13 | Build | Palisade Wall |
| 8:20 | Build | Palisade Gate |
| 8:31 | Build | House |
| 8:32 | Build | Palisade Wall |
| 8:50 | Age | Feudal Age |
| 8:53 | Research | Double-Bit Axe |
| 8:55 | Create | Villager (Male) |
| 9:24 | Build | Palisade Wall |
| 9:31 | Build | Palisade Wall |
| 9:33 | Build | Palisade Wall |
| 9:35 | Build | Palisade Wall |
| 9:42 | Build | Stable |
| 9:45 | Create | Villager (Male) |
| 10:03 | Create | Villager (Male) |
| 10:25 | Build | Palisade Wall |
| 10:35 | Create | Scout Cavalry |
| 10:35 | Create | Scout Cavalry |
| 10:36 | Create | Villager (Male) |
| 10:38 | Create | Villager (Male) |
| 10:47 | Build | Archery Range |
| 10:52 | Build | Mule Cart |
| 10:55 | Create | Villager (Male) |
| 11:07 | Create | Scout Cavalry |
| 11:24 | Create | Villager (Male) |
| 11:33 | Create | Archer |
| 11:36 | Build | Farm |
| 11:37 | Build | Farm |
| 11:37 | Build | Farm |
| 11:45 | Create | Villager (Male) |
| 11:57 | Build | House |
| 11:59 | Build | House |
| 12:03 | Create | Archer |
| 12:10 | Build | House |
| 12:12 | Build | Palisade Wall |
| 12:18 | Build | Palisade Wall |
| 12:20 | Create | Villager (Male) |
| 12:21 | Build | Farm |
| 12:22 | Build | Farm |
| 12:34 | Create | Archer |
| 12:36 | Create | Villager (Male) |
| 12:50 | Build | Palisade Wall |
| 13:00 | Build | Blacksmith |
| 13:05 | Create | Villager (Male) |
| 13:21 | Create | Archer |
| 13:24 | Create | Villager (Male) |
| 13:31 | Build | Farm |
| 13:42 | Build | Farm |
| 13:49 | Build | Palisade Wall |
| 13:54 | Create | Villager (Male) |
| 13:57 | Build | Palisade Wall |
| 13:58 | Build | Palisade Wall |
| 14:00 | Build | House |
| 14:02 | Create | Villager (Male) |
| 14:05 | Build | Palisade Wall |
| 14:10 | Create | Archer |
| 14:13 | Create | Villager (Male) |
| 14:21 | Build | Farm |
| 14:22 | Build | Farm |
| 14:34 | Research | Fletching |
| 14:36 | Build | Farm |
| 14:44 | Build | Farm |
| 14:48 | Create | Villager (Male) |
| 14:49 | Build | Farm |
| 14:58 | Build | House |
| 15:00 | Create | Archer |
| 15:15 | Create | Villager (Male) |
| 15:30 | Build | Mule Cart |
| 15:57 | Build | Market |
| 16:02 | Build | House |
| 16:07 | Create | Villager (Male) |
| 16:10 | Build | House |
| 16:26 | Build | Palisade Wall |
| 16:28 | Build | Palisade Wall |
| 16:35 | Create | Villager (Male) |
| 17:10 | Build | House |
| 17:11 | Build | Palisade Wall |
| 17:20 | Research | Horse Collar |
| 17:21 | Research | Horse Collar |
| 17:30 | Build | Farm |
| 17:30 | Build | Farm |
| 17:31 | Research | Castle Age |
| 17:55 | Build | Palisade Wall |
| 17:55 | Build | House |
| 18:21 | Build | House |
| 18:22 | Build | Palisade Wall |
| 18:26 | Create | Archer |
| 18:44 | Build | Farm |
| 18:46 | Build | Farm |
| 18:47 | Build | Farm |
| 18:53 | Research | Gold Mining |
| 19:01 | Create | Villager (Male) |
| 19:04 | Build | Palisade Wall |
| 19:09 | Build | Stable |
| 19:24 | Build | House |
| 19:28 | Build | House |
| 19:30 | Build | Palisade Wall |
| 19:35 | Build | Palisade Wall |
| 19:39 | Create | Archer |
| 20:03 | Build | House |
| 20:11 | Age | Castle Age |
| 20:13 | Research | Bodkin Arrow |
| 20:14 | Research | Crossbowman (upgrade) |
| 20:14 | Create | Knight |
| 20:14 | Create | Knight |
| 20:25 | Create | Villager (Male) |
| 20:32 | Build | Monastery |
| 20:35 | Create | Knight |
| 20:39 | Build | House |
| 20:44 | Build | Farm |
| 20:47 | Build | Farm |
| 20:48 | Create | Knight |
| 20:56 | Build | Farm |
| 20:57 | Create | Villager (Male) |
| 21:08 | Build | Farm |
| 21:19 | Create | Villager (Male) |
| 21:21 | Create | Knight |
| 21:21 | Create | Knight |
| 21:32 | Create | Knight |
| 21:32 | Create | Knight |
| 21:40 | Build | Farm |
| 21:43 | Create | Villager (Male) |
| 21:46 | Create | Knight |
| 22:03 | Create | Villager (Male) |
Match timeline
| 0:05 | buddybadi · first_building Barracks |
| 8:03 | Andre_2i · wall_segment Palisade Wall x5 |
| 8:10 | Andre_2i · first_building Barracks |
| 8:13 | Andre_2i · wall_segment Palisade Wall x5 |
| 8:32 | Andre_2i · wall_segment Palisade Wall x1 |
| 8:50 | Andre_2i · age_up feudal |
| 9:24 | Andre_2i · wall_segment Palisade Wall x1 |
| 9:31 | Andre_2i · wall_segment Palisade Wall x2 |
| 9:33 | Andre_2i · wall_segment Palisade Wall x1 |
| 9:35 | Andre_2i · wall_segment Palisade Wall x1 |
| 9:42 | Andre_2i · first_building Stable |
| 10:06 | buddybadi · age_up feudal |
| 10:25 | Andre_2i · wall_segment Palisade Wall x5 |
| 10:33 | buddybadi · wall_segment Palisade Wall x8 |
| 10:38 | buddybadi · wall_segment Palisade Wall x2 |
| 10:47 | Andre_2i · first_building Archery Range |
| 11:14 | buddybadi · wall_segment Palisade Wall x1 |
| 11:17 | buddybadi · wall_segment Palisade Wall x1 |
| 11:21 | buddybadi · wall_segment Palisade Wall x1 |
| 11:22 | buddybadi · wall_segment Palisade Wall x1 |
| 11:23 | buddybadi · wall_segment Palisade Wall x1 |
| 11:29 | buddybadi · wall_segment Palisade Wall x1 |
| 11:31 | buddybadi · wall_segment Palisade Wall x1 |
| 12:12 | Andre_2i · wall_segment Palisade Wall x1 |
| 12:18 | Andre_2i · wall_segment Palisade Wall x1 |
| 12:50 | Andre_2i · wall_segment Palisade Wall x1 |
| 13:23 | buddybadi · wall_segment Palisade Wall x1 |
| 13:25 | buddybadi · wall_segment Palisade Wall x1 |
| 13:49 | Andre_2i · wall_segment Palisade Wall x2 |
| 13:57 | Andre_2i · wall_segment Palisade Wall x1 |
| 13:58 | Andre_2i · wall_segment Palisade Wall x1 |
| 14:05 | Andre_2i · wall_segment Palisade Wall x1 |
| 16:26 | Andre_2i · wall_segment Palisade Wall x1 |
| 16:28 | Andre_2i · wall_segment Palisade Wall x1 |
| 17:06 | Andre_2i · first_market_sell 500 stone |
| 17:06 | Andre_2i · first_market_buy 100 food |
| 17:11 | Andre_2i · wall_segment Palisade Wall x1 |
| 17:55 | Andre_2i · wall_segment Palisade Wall x1 |
| 18:12 | buddybadi · wall_segment Palisade Wall x1 |
| 18:22 | Andre_2i · wall_segment Palisade Wall x1 |
| 18:47 | buddybadi · age_up castle |
| 18:55 | buddybadi · first_market_sell 100 stone |
| 19:04 | Andre_2i · wall_segment Palisade Wall x1 |
| 19:30 | Andre_2i · wall_segment Palisade Wall x1 |
| 19:35 | Andre_2i · wall_segment Palisade Wall x1 |
| 20:11 | Andre_2i · age_up castle |
| 20:32 | Andre_2i · first_building Monastery |
| 20:55 | buddybadi · first_building Siege Workshop |
| 22:16 | buddybadi · wall_segment Palisade Wall x1 |
| 23:09 | buddybadi · first_building Monastery |
| 25:18 | Andre_2i · first_building Siege Workshop |
| 31:16 | Andre_2i · wall_segment Palisade Wall x2 |
| 32:37 | buddybadi · first_building Castle |
| 34:38 | Andre_2i · first_building Castle |
| 36:57 | Andre_2i · age_up imperial |
| 38:59 | buddybadi · age_up imperial |
| 39:34 | buddybadi · wall_segment Palisade Wall x1 |
| 39:36 | buddybadi · wall_segment Palisade Wall x1 |
| 39:38 | buddybadi · wall_segment Palisade Wall x1 |
| 40:14 | buddybadi · resign |
[ AI ANALYSIS · 1 CREDIT ]
What really happened in this match?
Wolo.gg analyzes every decision: build order, eco, micro, common mistakes by bracket. Personalized analysis on WhatsApp or Discord in 30 seconds.
Civ guide
Incas
Perfil
Jugador #8335776